 Dungeon Crawl Stone Soup version 0.28.0-1-gb440e238dd (webtiles) character file.

Game seed: 6214601284637533225

10686 zeram the Blocker (level 11, -4/89 HPs)
             Began as a Gnoll Fighter on Feb 26, 2022.
             Was an Initiate of Yredelemnul.
             Slain by an orc warrior (6 damage)
             ... on level 1 of the Orcish Mines.
             The game lasted 00:19:01 (8988 turns).

zeram the Blocker (Gnoll Fighter)                   Turns: 8988, Time: 00:19:02

Health: -4/89      AC: 19    Str: 24    XL:     11   Next: 66%
Magic:  20/20      EV: 12    Int: 10    God:    Yredelemnul [......]
Gold:   774        SH:  6    Dex: 11    Spells: 17/23 levels left

rFire   . . .      SeeInvis +   r - +7 trident (venom)
rCold   + . .      Faith    .   c - +0 buckler
rNeg    . . .      Spirit   .   l - +4 scale mail of Imathrigg {Harm +Blink rC+ Regen+}
rPois   +          Reflect  .   z - +1 helmet "Jadghuf" {Str+3 Int+3}
rElec   .          Harm     +   F - +0 cloak
rCorr   .          Rampage  .   G - +0 pair of gloves
Will    .....                   y - +0 pair of boots
Stlth   ++........              n - amulet of regeneration
HPRegen 1.84/turn               h - ring of poison resistance
MPRegen 0.17/turn               D - ring of see invisible

@: no status effects
A: fangs 1, strong nose, distributed training
a: Renounce Religion, Evoke Blink, Recall Undead Harvest


You were on level 1 of the Orcish Mines.
You worshipped Yredelemnul.
Yredelemnul was noncommittal.
You visited 3 branches of the dungeon, and saw 13 of its levels.
You also visited: Bailey.

You collected 1059 gold pieces.
You spent 285 gold pieces at shops.

Inventory:

Hand Weapons
 a - a +1 trident
 r - a +7 trident of venom (weapon)
Missiles
 e - 27 poisoned darts
 x - a throwing net
Armour
 b - a +0 scale mail
 c - a +0 buckler (worn)
 l - the +4 scale mail of Imathrigg (worn) {Harm +Blink rC+ Regen+}
   (You found it on level 3 of the Dungeon)

   rC:        It protects you from cold.
   +Blink:    It lets you blink.
   Regen:     It increases your rate of health regeneration.
   Harm:      It increases damage dealt and taken.
 y - a +0 pair of boots (worn)
 z - the +1 helmet "Jadghuf" (worn) {Str+3 Int+3}
   (You bought it in a shop on level 8 of the Dungeon)

   Str:       It affects your strength (+3).
   Int:       It affects your intelligence (+3).
 F - a +0 cloak (worn)
 G - a +0 pair of gloves (worn)
Jewellery
 h - a ring of poison resistance (left hand)
 n - an amulet of regeneration (around neck)
 o - a ring of magical power
 p - a +6 ring of intelligence
 D - a ring of see invisible (right hand)
 H - a +6 ring of dexterity
Wands
 t - a wand of flame (8)
 u - a wand of acid (10)
 v - a wand of charming (2)
Scrolls
 I - a scroll of fog
Potions
 d - 2 potions of might
 f - 2 potions of heal wounds
 g - a potion of mutation
 i - a potion of attraction
 k - 5 potions of curing
 m - 4 potions of lignification {unknown}
 q - a potion of cancellation {unknown}
 s - 4 potions of brilliance {unknown}
 w - 2 potions of flight {unknown}
 B - a potion of resistance {unknown}


   Skills:
 + Level 9.3 Fighting
 + Level 6.5 Short Blades
 + Level 6.5 Long Blades
 + Level 6.5 Axes
 + Level 6.5 Maces & Flails
 + Level 8.0 Polearms
 + Level 6.5 Staves
 + Level 6.5 Slings
 + Level 6.5 Bows
 + Level 6.5 Crossbows
 + Level 6.5 Throwing
 + Level 9.3 Armour
 + Level 6.5 Dodging
 + Level 6.5 Stealth
 + Level 9.3 Shields
 + Level 6.5 Unarmed Combat
 + Level 6.5 Spellcasting
 + Level 5.4 Conjurations
 + Level 5.4 Hexes
 + Level 5.4 Summonings
 + Level 5.4 Necromancy
 + Level 5.4 Translocations
 + Level 5.4 Transmutations
 + Level 5.4 Fire Magic
 + Level 5.4 Ice Magic
 + Level 5.4 Air Magic
 + Level 5.4 Earth Magic
 + Level 5.4 Poison Magic
 + Level 7.1 Invocations
 + Level 6.5 Evocations


You had 17 spell levels left.
You knew the following spells:

 Your Spells              Type           Power      Damage    Failure   Level
a - Frozen Ramparts       Ice            28%        1d4       17%         3
b - Vampiric Draining     Necr           14%        2d7       17%         3

Your spell library contained the following spells:

 Spells                   Type           Power      Damage    Failure   Level
 Animate Skeleton         Necr           28%        N/A       5%          1
 Freeze                   Ice            56%        1d7       5%          1
 Magic Dart               Conj           56%        1d5       5%          1
 Pain                     Necr           56%        1d6       5%          1
 Searing Ray              Conj           28%        2d5       9%          2
 Portal Projectile        Hex/Tloc       28%        N/A       17%         3
 Tukima's Dance           Hex            14%        N/A       17%         3
 Anguish                  Hex/Necr       7%         N/A       50%         4
 Fulminant Prism          Conj/Hex       7%         3d7       50%         4
 Hailstorm                Conj/Ice       14%        3d5       50%         4
 Blade Hands              Tmut           7%         N/A       83%         5
 Excruciating Wounds      Necr           7%         N/A       83%         5
 Enfeeble                 Hex            7%         N/A       100%        7


Dungeon Overview and Level Annotations

Branches:
Dungeon (10/15)            Temple (1/1) D:5             Orc (2/2) D:10
 Bailey (visited)
   Lair: D:8-11         Elf: Orc:2

Altars:
Ashenzari
Cheibriados
Dithmenos
Elyvilon
Fedhas
Gozag
Hepliaklqana
Kikubaaqudgha
Makhleb
Nemelex Xobeh
Okawaru
Qazlal
Ru
Sif Muna
Trog
Uskayaw
Vehumet
Wu Jian
Xom
Yredelemnul
Zin
The Shining One

Shops:
D:8 ?*:[

Annotations:
D:6 2 transporters, Dvallin's ghost, weakling KoDe


Innate Abilities, Weirdness & Mutations

You have very sharp teeth.
Your uncanny sense of smell can sniff out nearby items.
Your experience applies equally to all skills.


Message History

The orc shouts!
The ogre shouts!
The orc warlord roars a battlecry!
The orcs go into a battle-frenzy!
The orc warrior hits you with a +0 scimitar!!
The orc shouts!
There is a stone staircase leading up, spattered with blood here.
The orc warlord completely misses you. The orc hits you with a +0 short sword.
The orc warrior hits you with a +0 scimitar!
You climb upwards.
Your orc zombie crumbles into dust!
Your orc warrior zombie crumbles into dust!
Your orc priest zombie crumbles into dust!
There is a stone staircase leading down here.
You puncture the orc!
You kill the orc!
The orc warlord barely misses you.
The orc warrior hits you with a +0 scimitar!
You barely miss the orc warrior.
The orc warlord hits you with a +1 war axe!
The orc warrior barely misses you.
You barely miss the orc warrior.
The orc warlord hits you with a +1 war axe!!
* * * LOW HITPOINT WARNING * * *
The orc warrior completely misses you.
You feel much better.
The orc warlord hits you but does no damage.
The orc warrior barely misses you.
You closely miss the orc warrior. You block the orc warlord's attack.
The orc warrior closely misses you.
You puncture the orc warrior!
The orc warrior is moderately wounded.
The orc warlord hits you with a +1 war axe!
The orc warrior barely misses you.
You puncture the orc warrior!
The orc warrior is poisoned.
The orc warrior is almost dead.
The orc warlord hits you with a +1 war axe!!
* * * LOW HITPOINT WARNING * * *
The orc warrior hits you with a +0 scimitar.
You die...
Your body rises from the dead as a mindless zombie.

..## #...........#.## ####
##.....#.....## .#.###
#.............###
.....######.........#..#.##
.....ZZ..#..#.............#
.......................#.########
.........#..............#.#Z#Z##.
#.#.##...#.............#....ZZ...
...##.....#....)@)....#...#.#Z...
...###.#........oo.......######.#
..#..#.##................## ###
........##[...............##
.........(...............#Z##
#.#.#....))................Z#####
.##.##.....##...........#...Z##.#
.#........####....#..#...........
........Z## ##.........#....##.#


You could see an orc warlord and an orc warrior (strong, very poisoned).

Vanquished Creatures
  Erica (D:9)
  An orc knight (D:10)
  A manticore (D:10)
  Maurice (D:10)
  A kobold demonologist (D:6)
  2 trolls (D:10)
  10 yaks
  A wyvern (D:8)
  2 steam dragons
  4 vampire mosquitoes (D:9)
  A warg (Orc:2)
  2 water moccasins
  A necrophage (D:6)
  18 orc warriors
  A sky beast (D:8)
  An ogre (D:4)
  10 centaurs (Bailey)
  A phantom (D:6)
  2 kobold brigands
  4 bullfrogs
  2 gnoll sergeants
  A water moccasin zombie (D:6)
  2 scorpions
  A water moccasin skeleton (D:4)
  5 killer bees (D:10)
  2 howler monkeys (D:10)
  3 centaur skeletons
  3 hounds
  3 orc priests
  A gnoll shaman (D:9)
  2 bullfrog skeletons
  8 orc wizards
  A howler monkey zombie (D:10)
  20 gnolls
  3 adders
  A white imp (D:8)
  An ufetubus (D:6)
  2 worms
  3 dart slugs
  49 orcs
  7 ball pythons
  6 endoplasms
  9 goblins
  10 hobgoblins
  2 jackals (D:5)
  18 kobolds
  3 quokkas
  7 bats
  4 frilled lizards
  12 rats
256 creatures vanquished.

Vanquished Creatures (collateral kills)
  A centaur zombie (D:10)
  A yak (D:9)
  An orc warrior (Bailey)
  An orc priest (Orc:1)
  An iguana (D:5)
  3 orc wizards
  4 gnolls
  7 orcs
  An orc zombie (Orc:1)
20 creatures vanquished.

Vanquished Creatures (others)
  A vampire mosquito zombie (D:9)
  A warg zombie (Orc:2)
  A centaur zombie (Bailey)
  2 bullfrog zombies
  2 killer bee zombies (D:10)
  6 gnoll zombies
  A kobold (D:10)
  A kobold zombie (D:10)
  16 orc zombies
31 creatures vanquished.

Grand Total: 307 creatures vanquished

Notes
Turn   | Place    | Note
-------+----------+-------------------------------------------
     0 | D:1      | zeram the Gnoll Fighter began the quest for the Orb.
     0 | D:1      | Reached XP level 1. HP: 23/23 MP: 1/1
   109 | D:1      | Reached XP level 2. HP: 28/29 MP: 2/2
   322 | D:1      | Found a faded altar of an unknown god.
   559 | D:1      | Reached XP level 3. HP: 35/35 MP: 3/3
  1166 | D:2      | Reached skill level 1 in Invocations
  1324 | D:2      | Reached skill level 1 in Short Blades
  1324 | D:2      | Reached skill level 1 in Long Blades
  1324 | D:2      | Reached skill level 1 in Axes
  1324 | D:2      | Reached skill level 1 in Maces & Flails
  1324 | D:2      | Reached skill level 1 in Staves
  1324 | D:2      | Reached skill level 1 in Slings
  1324 | D:2      | Reached skill level 1 in Bows
  1324 | D:2      | Reached skill level 1 in Crossbows
  1324 | D:2      | Reached skill level 1 in Throwing
  1324 | D:2      | Reached skill level 1 in Dodging
  1324 | D:2      | Reached skill level 1 in Stealth
  1324 | D:2      | Reached skill level 1 in Unarmed Combat
  1324 | D:2      | Reached skill level 1 in Spellcasting
  1324 | D:2      | Reached skill level 1 in Evocations
  1445 | D:2      | Reached XP level 4. HP: 41/41 MP: 5/5
  1508 | D:2      | Found an ancient bone altar of Kikubaaqudgha.
  1719 | D:3      | Reached skill level 1 in Conjurations
  1719 | D:3      | Reached skill level 1 in Hexes
  1719 | D:3      | Reached skill level 1 in Summonings
  1719 | D:3      | Reached skill level 1 in Necromancy
  1719 | D:3      | Reached skill level 1 in Translocations
  1719 | D:3      | Reached skill level 1 in Transmutations
  1719 | D:3      | Reached skill level 1 in Fire Magic
  1719 | D:3      | Reached skill level 1 in Ice Magic
  1719 | D:3      | Reached skill level 1 in Air Magic
  1719 | D:3      | Reached skill level 1 in Earth Magic
  1719 | D:3      | Reached skill level 1 in Poison Magic
  1815 | D:3      | Reached XP level 5. HP: 35/47 MP: 6/6
  2021 | D:3      | Identified the +4 scale mail of Imathrigg {Harm +Blink rC+
                  | Regen+}
  2578 | D:4      | Reached XP level 6. HP: 51/53 MP: 8/8
  2607 | D:4      | Reached skill level 5 in Polearms
  2680 | D:4      | Reached XP level 7. HP: 42/59 MP: 10/10
  2877 | D:4      | You fall into a shaft and drop 3 floors!
  2983 | D:7      | Learned a level 3 spell: Frozen Ramparts
  3039 | D:6      | Noticed a kobold demonologist
  3045 | D:6      | Noticed an ice devil
  3050 | D:6      | Killed a kobold demonologist
  3051 | D:6      | Reached XP level 8. HP: 32/67 MP: 10/12
  3213 | D:6      | Noticed a gargoyle
  3215 | D:6      | Noticed Dvallin's ghost (weakling KoDe)
  3217 | D:6      | Found a transporter.
  3221 | D:6      | Found a transporter.
  3299 | D:6      | Found a shimmering altar of Xom.
  3323 | D:6      | Found a radiant altar of Vehumet.
  3586 | D:5      | Entered Level 5 of the Dungeon
  3750 | D:5      | Found a staircase to the Ecumenical Temple.
  3760 | Temple   | Entered the Ecumenical Temple
  3912 | Temple   | Became a worshipper of Yredelemnul the Dark
  3941 | D:5      | Reached * piety under Yredelemnul
  4856 | D:7      | Reached XP level 9. HP: 58/72 MP: 14/14
  5104 | D:8      | Found Luseanny's Assorted Antiques.
  5106 | D:8      | Found Wiqaf's Armour Shop.
  5107 | D:8      | Found Siaganly's Magic Scroll Shop.
  5120 | D:8      | Bought an ichor-stained helmet for 285 gold pieces
  5120 | D:8      | Identified the +1 helmet "Jadghuf" {Str+3 Int+3} (You
                  | bought it in a shop on level 8 of the Dungeon)
  5126 | D:8      | Found Jaeze's Book Shop.
  5276 | D:8      | Reached ** piety under Yredelemnul
  5414 | D:8      | Reached *** piety under Yredelemnul
  5452 | D:8      | Found a flagged portal.
  5560 | Bailey   | Entered a bailey
  5579 | Bailey   | Reached skill level 5 in Invocations
  5785 | Bailey   | Reached XP level 10. HP: 37/80 MP: 17/17
  5886 | Bailey   | Reached skill level 5 in Short Blades
  5886 | Bailey   | Reached skill level 5 in Long Blades
  5886 | Bailey   | Reached skill level 5 in Axes
  5886 | Bailey   | Reached skill level 5 in Maces & Flails
  5886 | Bailey   | Reached skill level 5 in Staves
  5886 | Bailey   | Reached skill level 5 in Slings
  5886 | Bailey   | Reached skill level 5 in Bows
  5886 | Bailey   | Reached skill level 5 in Crossbows
  5886 | Bailey   | Reached skill level 5 in Throwing
  5886 | Bailey   | Reached skill level 5 in Dodging
  5886 | Bailey   | Reached skill level 5 in Stealth
  5886 | Bailey   | Reached skill level 5 in Unarmed Combat
  5886 | Bailey   | Reached skill level 5 in Spellcasting
  5886 | Bailey   | Reached skill level 5 in Evocations
  6626 | D:9      | Noticed Erica
  6637 | D:9      | Killed Erica
  7088 | D:9      | Found a white marble altar of Elyvilon.
  7088 | D:9      | Found an ancient bone altar of Kikubaaqudgha.
  7326 | D:10     | Entered Level 10 of the Dungeon
  7390 | D:9      | Reached XP level 11. HP: 87/87 MP: 19/19
  7442 | D:10     | Found a staircase to the Orcish Mines.
  7538 | D:10     | Reached skill level 5 in Conjurations
  7538 | D:10     | Reached skill level 5 in Hexes
  7538 | D:10     | Reached skill level 5 in Summonings
  7538 | D:10     | Reached skill level 5 in Necromancy
  7538 | D:10     | Reached skill level 5 in Translocations
  7538 | D:10     | Reached skill level 5 in Transmutations
  7538 | D:10     | Reached skill level 5 in Fire Magic
  7538 | D:10     | Reached skill level 5 in Ice Magic
  7538 | D:10     | Reached skill level 5 in Air Magic
  7538 | D:10     | Reached skill level 5 in Earth Magic
  7538 | D:10     | Reached skill level 5 in Poison Magic
  7785 | D:10     | Noticed a manticore
  7799 | D:10     | Killed a manticore
  8035 | D:10     | Learned a level 3 spell: Vampiric Draining
  8090 | Orc:1    | Entered Level 1 of the Orcish Mines
  8090 | Orc:1    | Noticed Maurice
  8090 | Orc:1    | Noticed an orc knight
  8115 | D:10     | Killed an orc knight
  8163 | D:10     | Killed Maurice
  8701 | Orc:2    | Entered Level 2 of the Orcish Mines
  8706 | Orc:2    | Noticed an orc warlord
  8988 | Orc:1    | HP: 2/89 [orc warlord (26)]
  8988 | Orc:1    | Slain by an orc warrior

Illustrated notes

Levels and vault maps discovered:
D:1:      sevenhm_arrival_forest_fort_small_3, layout_basic, serial_rivers,
          chequers_serial_rivers_small_a, chequers_serial_rivers_micro_c,
          chequers_serial_rivers_micro_e, chequers_serial_rivers_micro_e,
          chequers_serial_rivers_micro_e, ebering_ecumenical_altar_ruins,
          minmay_misc_feat_five
D:2:      layout_basic, basic_altar, small_statue_intersection,
          minmay_misc_feat_room, minmay_misc_feat_secret_circle
D:3:      layout_loops_ring
D:4:      layout_loops_ring, chequers_garden
D:5:      layout_basic, minmay_temple_entry_slanted
D:6:      layout_basic, mainiacjoe_overflow_large_starburst,
          gammafunk_ghost_arena, grunt_ministairs_1
D:7:      layout_basic
D:8:      layout_rooms, enter_bailey_3, minmay_statues_item,
          minmay_shop_grid_forest, grunt_decor_clamped,
          nicolae_straight_to_the_point
D:9:      layout_roguey, gammafunk_temple_overflow_wave, uniq_erica
D:10:     layout_gridville, orc_0_dummy
Temple:   regret_index_temple_mists
Orc:1:    layout_caves, uniq_maurice
Orc:2:    pf_orc_diabolical, layout_caves, bloody_makhleb

Skill      XL: |  1  2  3  4  5  6  7  8  9 10 11 |
---------------+----------------------------------+-----
Invocations    | 1 2 3 4 5 6 7 |  7.1
Short Blades   | 1 2 3 4 5 6 |  6.5
Long Blades    | 1 2 3 4 5 6 |  6.5
Axes           | 1 2 3 4 5 6 |  6.5
Maces & Flails | 1 2 3 4 5 6 |  6.5
Staves         | 1 2 3 4 5 6 |  6.5
Slings         | 1 2 3 4 5 6 |  6.5
Bows           | 1 2 3 4 5 6 |  6.5
Crossbows      | 1 2 3 4 5 6 |  6.5
Throwing       | 1 2 3 4 5 6 |  6.5
Dodging        | 1 2 3 4 5 6 |  6.5
Stealth        | 1 2 3 4 5 6 |  6.5
Unarmed Combat | 1 2 3 4 5 6 |  6.5
Spellcasting   | 1 2 3 4 5 6 |  6.5
Evocations     | 1 2 3 4 5 6 |  6.5
Conjurations   | 1 2 3 4 5 |  5.4
Hexes          | 1 2 3 4 5 |  5.4
Summonings     | 1 2 3 4 5 |  5.4
Necromancy     | 1 2 3 4 5 |  5.4
Translocations | 1 2 3 4 5 |  5.4
Transmutations | 1 2 3 4 5 |  5.4
Fire Magic     | 1 2 3 4 5 |  5.4
Ice Magic      | 1 2 3 4 5 |  5.4
Air Magic      | 1 2 3 4 5 |  5.4
Earth Magic    | 1 2 3 4 5 |  5.4
Poison Magic   | 1 2 3 4 5 |  5.4
Polearms       | 5 6 7 8 |  8.0
Fighting       | 7 8 9 |  9.3
Armour         | 7 8 9 |  9.3
Shields        | 7 8 9 |  9.3

Action                   |  1- 3 |  4- 6 |  7- 9 | 10-12 || total
-------------------------+-------+-------+-------+-------++-------
Melee: Trident           |   118 |   121 |   320 |   324 ||   883
       Bite              |     4 |     5 |    19 |    36 ||    64
Throw: Dart              |       |       |       |     3 ||     3
Evoke: Wand              |       |       |     2 |       ||     2
  Use: Scroll            |     2 |     3 |     5 |     7 ||    17
       Potion            |       |       |     1 |     1 ||     2
 Stab: Distracted        |       |     1 |     1 |     6 ||     8
       Sleeping          |       |       |       |     2 ||     2
Armor: Scale mail        |    34 |    36 |   145 |   168 ||   383
Dodge: Dodged            |    34 |    34 |   136 |   244 ||   448
Block: Buckler           |    22 |    18 |    63 |   105 ||   208
